 Dungeon Crawl Stone Soup version 0.30-a0-389-g8d7d949f56 (webtiles) character file.

Game seed: 6668748744991456258

3415 cheesebisquit the Severer (level 9, -3/106 HPs)
             Began as a Minotaur Berserker on Dec 3, 2022.
             Was a Priest of Trog.
             Slain by a crystal guardian (11 damage)
             ... on level 2 of the Abyss.
             The game lasted 00:52:32 (8140 turns).

cheesebisquit the Severer (Minotaur Berserker)      Turns: 8140, Time: 00:52:33

Health: -3/106     AC: 13    Str: 25    XL:     9   Next: 76%
Magic:  8/8        EV: 12    Int:  4    God:    Trog [***...]
Gold:   235        SH:  0    Dex: 17    Spells: 8/8 levels left

rFire   . . .      SeeInvis .    D - +0 battleaxe
rCold   . . .      Faith    .    (shield currently unavailable)
rNeg    . . .      Spirit   .    E - +0 plate armour
rPois   .          Reflect  .    (helmet restricted)
rElec   .          Harm     .    (no cloak)
rCorr   .          Rampage  .    x - +1 pair of gloves
Will    .....                    (no boots)
Stlth   ..........               (no amulet)
HPRegen 0.37/turn                d - +6 ring of dexterity
MPRegen 0.11/turn                f - +4 ring of evasion

@: berserking, very quick
A: horns 2, retaliatory headbutt
a: Renounce Religion, Berserk, Trog's Hand


You were on level 2 of the Abyss.
You worshipped Trog.
Trog was most pleased with you.
You visited 1 branch of the dungeon, and saw 10 of its levels.
You visited the Abyss 1 time.

You collected 607 gold pieces.
You spent 372 gold pieces at shops.

Inventory:

Hand Weapons
 r - a +0 hand axe of electrocution
 t - a +0 vorpal war axe
 D - a +0 battleaxe (weapon)
Missiles
 j - 102 stones (quivered)
 m - a curare-tipped dart
 o - 20 poisoned darts
Armour
 w - a +1 scale mail
 x - a +1 pair of gloves (worn)
 E - a +0 plate armour (worn)
Jewellery
 b - a ring of willpower
 d - a +6 ring of dexterity (left hand)
 f - a +4 ring of evasion (right hand)
 s - a ring of resist corrosion
Wands
 i - a wand of roots (17)
 n - a wand of quicksilver (9)
 F - a wand of mindburst (15)
Scrolls
 c - 3 scrolls of immolation
 h - 2 scrolls of fear
 k - a scroll of vulnerability {unknown}
 l - 3 scrolls of teleportation
 q - a scroll of amnesia
 u - 5 scrolls of butterflies
 v - a scroll of magic mapping {unknown}
 y - a scroll of noise {unknown}
Potions
 a - a potion of flight
 e - 2 potions of lignification
 g - a potion of cancellation
 p - 2 potions of resistance
 z - a potion of haste
 A - a potion of ambrosia {unknown}
 B - 2 potions of mutation
 C - a potion of invisibility {unknown}


   Skills:
 - Level 3.7 Fighting
 + Level 16.4 Axes
 - Level 2.5 Armour
 - Level 2.5 Dodging


You had 8 spell levels left.
You didn't know any spells.
Your spell library was empty.

Dungeon Overview and Level Annotations

Branches:
Dungeon (10/15)            Temple (0/1) D:7
   Lair: D:8-11         Orc: D:9-12

Altars:
Ashenzari
Dithmenos
Fedhas
Makhleb
Nemelex Xobeh
Okawaru
Sif Muna
Trog
Uskayaw
Yredelemnul
The Shining One

Shops:
D:5 :*?   D:6 (   D:7 [

Annotations:
D:8 1 runed translucent door
D:9 2 runed translucent doors, exclusion: orange crystal statue
D:10 Erolcha


Innate Abilities, Weirdness & Mutations

You have a pair of horns on your head.
You reflexively headbutt those who attack you in melee.


Message History

The kobold brigand shouts!
A kobold comes into view. It is wielding a +0 short sword.
Okay, then.
Something hits you!
The kobold throws a stone.
The stone barely misses you.
The kobold brigand throws a poisoned dart.
The poisoned dart hits you!
You are poisoned.
Okay, then.
Okay, then.
You hit something.
You feel sick.
The kobold throws a stone.
The stone closely misses you.
The kobold brigand throws a poisoned dart.
You closely miss something. Your headbutt misses something.
You feel sick.
You hear some strange, mumbled words.
You are cast into the Abyss!
This branch contains the abyssal rune of Zot.
Reactivating autopickup.
You start resting.
You feel sick. x5
You are no longer poisoned.
You start resting.
A golden eye comes into view.
You start resting.
A crystal guardian comes into view.
You hit the crystal guardian but do no damage.
You hit the crystal guardian but do no damage.
The crystal guardian hits you!!
A crystal guardian is nearby!
You hit the crystal guardian.
You headbutt the crystal guardian, but do no damage.
The crystal guardian is lightly damaged.
The crystal guardian hits you!
* * * LOW HITPOINT WARNING * * *
A red film seems to cover your vision as you go berserk!
You feel yourself moving faster!
You feel mighty! The crystal guardian hits you!!
* * * LOW HITPOINT WARNING * * *
You hit the crystal guardian but do no damage.
The crystal guardian is lightly damaged.
The crystal guardian hits you!
You die...

. ..... . ...
..............#
..............
#...........#
##...........#
#.............
#####...........#
#................
...###...@.......
# #..9######..
#.... #....
#......9.
#........
........ ...
#.##..#


You could see a crystal guardian.

Vanquished Creatures
  7 yaks
  Menkaure (D:7)
  3 orc warriors
  4 black bears
  A phantom (D:7)
  2 kobold brigands
  A gnoll sergeant (D:9)
  2 scorpions
  10 wights (D:8)
  3 killer bees (D:8)
  5 howler monkeys
  3 hounds
  An iguana (D:4)
  3 orc wizards
  An ogre zombie (D:4)
  3 gnolls (D:9)
  2 gnoll zombies (D:4)
  3 adders
  2 shadow imps
  A white imp (D:7)
  An ufetubus (D:5)
  5 dart slugs
  A worm (D:2)
  21 orcs
  5 endoplasms
  3 giant cockroaches
  4 goblins
  9 hobgoblins
  5 jackals
  16 kobolds
  2 quokkas
  8 ball pythons
  5 bats
  5 frilled lizards
  A goblin zombie (D:8)
  A jackal zombie (D:8)
  4 rats
154 creatures vanquished.

Notes
Turn   | Place    | Note
-------+----------+-------------------------------------------
     0 | D:1      | cheesebisquit the Minotaur Berserker began the quest for
                  | the Orb.
     0 | D:1      | Reached XP level 1. HP: 19/19 MP: 0/0
   251 | D:1      | Reached skill level 4 in Axes
   258 | D:1      | Reached XP level 2. HP: 27/27 MP: 1/1
   882 | D:2      | Reached XP level 3. HP: 27/33 MP: 2/2
   983 | D:2      | Reached skill level 5 in Axes
  1253 | D:2      | Reached ** piety under Trog
  1687 | D:3      | Reached XP level 4. HP: 36/40 MP: 3/3
  1732 | D:3      | Found a sparkling altar of Nemelex Xobeh.
  1908 | D:3      | Found a broken altar of Ashenzari.
  2371 | D:3      | Found a bloodstained altar of Trog.
  2523 | D:4      | Found a transporter.
  2524 | D:4      | Noticed a scorpion
  2527 | D:4      | Killed a scorpion
  2528 | D:4      | Reached skill level 6 in Axes
  2528 | D:4      | Reached XP level 5. HP: 46/46 MP: 4/4
  2533 | D:4      | Reached skill level 7 in Axes
  2630 | D:4      | Found a glowing golden altar of the Shining One.
  3021 | D:4      | Found a shadowy altar of Dithmenos.
  3024 | D:4      | Found a transporter.
  3505 | D:5      | Entered Level 5 of the Dungeon
  3566 | D:5      | Reached skill level 8 in Axes
  3566 | D:5      | Reached XP level 6. HP: 52/52 MP: 5/5
  3606 | D:5      | Identified the +0 hat of the Mackerel {Dex+5}
  3673 | D:5      | Found Hilon's Assorted Antiques.
  3681 | D:5      | Bought a scroll of identify for 48 gold pieces
  3681 | D:5      | Bought a scroll of identify for 48 gold pieces
  3681 | D:5      | Bought a potion of curing for 72 gold pieces
  3768 | D:5      | Found Geadiwug's Magic Scroll Emporium.
  3780 | D:5      | Bought a scroll of identify for 26 gold pieces
  3780 | D:5      | Bought a scroll of identify for 26 gold pieces
  3780 | D:5      | Bought a scroll of identify for 26 gold pieces
  3853 | D:5      | Reached skill level 9 in Axes
  3979 | D:5      | Reached XP level 7. HP: 47/58 MP: 6/6
  4069 | D:5      | Found Subok's Book Shoppe.
  4375 | D:6      | Found Buloil's Antique Weapon Emporium.
  4490 | D:6      | Reached skill level 10 in Axes
  4601 | D:6      | Bought a glowing hand axe for 126 gold pieces
  4704 | D:6      | Found a burning altar of Makhleb.
  4766 | D:7      | Reached skill level 11 in Axes
  4788 | D:7      | Reached *** piety under Trog
  4854 | D:7      | Found a staircase to the Ecumenical Temple.
  4958 | D:7      | Reached XP level 8. HP: 66/66 MP: 7/7
  4970 | D:7      | Noticed Menkaure
  4989 | D:7      | Killed Menkaure
  5261 | D:7      | Found a hide-covered altar of Uskayaw.
  5276 | D:7      | Found Cisyxki's Antique Armour Boutique.
  5659 | D:8      | Found a runed translucent door.
  5677 | D:8      | Found a basalt altar of Yredelemnul.
  5712 | D:8      | Reached skill level 12 in Axes
  6142 | D:8      | Reached skill level 13 in Axes
  6633 | D:8      | Reached skill level 14 in Axes
  6693 | D:8      | Reached XP level 9. HP: 62/71 MP: 8/8
  6925 | D:8      | Found a shimmering blue altar of Sif Muna.
  6989 | D:8      | Found an iron altar of Okawaru.
  7291 | D:9      | Reached skill level 15 in Axes
  7557 | D:9      | Found a runed translucent door.
  7658 | D:9      | Found a runed translucent door.
  7710 | D:9      | Found the +10 tower shield of Ignorance {rN+ Int-4}
  7835 | D:9      | Noticed an orange crystal statue
  7864 | D:10     | Entered Level 10 of the Dungeon
  7866 | D:10     | Found a blossoming altar of Fedhas.
  7916 | D:10     | Reached skill level 16 in Axes
  8070 | D:10     | Noticed Erolcha
  8079 | Abyss:2  | Cast into level 2 of the Abyss (Erolcha)
  8132 | Abyss:2  | Noticed a crystal guardian
  8140 | Abyss:2  | Slain by a crystal guardian

Illustrated notes

Levels and vault maps discovered:
D:1:      psy_arrival_radial02, layout_basic
D:2:      layout_loops_ring, minmay_stone_trees_large
D:3:      layout_basic, mainiacjoe_overflow_paths, lightli_temple_of_fire,
          mainiacjoe_overflow_six_doors_small, uniq_crazy_yiuf_cottage
D:4:      gammafunk_cloud_chamber, layout_loops_cross,
          nicolae_dithmenos_shadow_blocks, tso_metal_star,
          hangedman_decor_clover_reticule, minivault_25
D:5:      layout_loops_cross, serial_shops,
          nicolae_shop_temple_entry_statues_fountains,
          nicolae_shop_hallway_plus, shop_statue, item_on_display_b
D:6:      layout_basic, makhleb_heckhound_becter, nicolae_inconvenience_store
D:7:      layout_loops_ring, nicolae_uskayaw_murder_on_the_dancefloor,
          minmay_temple_entry_mist, serial_shops, shop, uniq_menkaure
D:8:      layout_layer_cave, dk_yredelemnul_ordeal, lemuel_blue_sif_altar,
          hellmonk_okawaru_the_only_friend_you_need, minmay_misc_feat_iff
D:9:      layout_small_grid, chequers_guarded_unrand_ignorance
D:10:     layout_small_grid, fedhas_altar_2, serial_glass, glass_columns_a,
          glass_columns_a, nicolae_trove_entry_columns, kennysheep_nub,
          minmay_pinched_square, uniq_erolcha
Abyss:2:  base:
D:10

Skill      XL: |  1  2  3  4  5  6  7  8  9 |
---------------+----------------------------+-----
Axes           | 4 5 6 8 9 11 14 16 | 16.4
Fighting       | |  3.7
Armour         | |  2.5
Dodging        | |  2.5

Action                   |  1- 3 |  4- 6 |  7- 9 || total
-------------------------+-------+-------+-------++-------
Melee: Hand axe          |    78 |    77 |    46 ||   201
       Headbutt          |    12 |    15 |    22 ||    49
       Punch             |       |     1 |     2 ||     3
       War axe           |       |       |    32 ||    32
       Battleaxe         |       |       |    83 ||    83
Invok: Berserk           |       |     1 |     3 ||     4
  Use: Scroll            |     2 |     9 |     6 ||    17
       Potion            |       |     7 |     3 ||    10
 Stab: Sleeping          |     3 |     2 |       ||     5
Armor: Animal skin       |     5 |       |       ||     5
       Leather armour    |     2 |     5 |       ||     7
       Scale mail        |       |    12 |    24 ||    36
       Plate armour      |       |       |    35 ||    35
Dodge: Dodged            |    55 |    69 |    97 ||   221

Table legend: (Time is in decaauts)
 A = Elapsed time spent in this place.
 B = Non-inter-level travel time spent in this place.
 C = Inter-level travel time spent in this place.
 D = Time resting spent in this place.
 E = Time spent auto-exploring this place.
 F = Levels seen in this place.
 G = Mean time per level.
                   A        B        C        D        E       F      G
               +--------+--------+--------+--------+--------+-----+--------+
         Total |   8153 |   7843 |    310 |    957 |   5704 |  11 |  741.2 |
       Dungeon |   8093 |   7783 |    310 |    906 |   5704 |  10 |  809.3 |
         Abyss |     60 |     60 |      0 |     51 |      0 |   1 |   60.0 |
               +--------+--------+--------+--------+--------+-----+--------+

Top non-repeatable levels by time:
     D:8: 1438 daAuts
     D:4: 1006 daAuts
     D:3: 956 daAuts
     D:7: 913 daAuts
     D:1: 862 daAuts
     D:9: 776 daAuts
     D:5: 706 daAuts
     D:2: 691 daAuts
     D:6: 515 daAuts
    D:10: 226 daAuts
 Abyss:2: 60 daAuts
